[Event "Titled Tuesday Blitz June 20 Late 2023"]
[White "Florianovitz, Derlei Alex"]
[Black "Ozalp, Burak"]
[WhiteFideId "2114178"]
[BlackFideId "6314210"]
[WhiteElo "1953"]
[BlackElo "2106"]
[Result "0-1"]
[Round "9"]
[TimeControl "180+2"]
[Date "2023.06.20"]
[WhiteClock "0:00:00"]
[BlackClock "0:01:08"]
[Board "104"]

1. e4 c5 2. Nf3 Nc6 3. d4 cxd4 4. Nxd4 Nf6 5. Nc3 g6 6. Nxc6 bxc6 7. e5 Ng8 8. Bc4 d5 9. exd6 Qxd6 10. Qf3 Nf6 11. O-O Bg4 12. Qg3 Qxg3 13. hxg3 Bg7 14. Bf4 O-O 15. Rfe1 e6 16. f3 Bf5 17. Bb3 h5 18. Be5 Nd5 19. Bxg7 Kxg7 20. Na4 Nb4 21. Re2 Rad8 22. Nc5 Rd6 23. Rae1 Kf6 24. c3 Nd3 25. Nxd3 Bxd3 26. Rd2 Rfd8 27. Red1 Ke7 28. Kf2 c5 29. c4 e5 30. Ke3 Bf5 31. Rxd6 Rxd6 32. Rxd6 Kxd6 33. Ba4 Be6 34. Bb5 g5 35. a3 a5 36. Ba6 f6 37. Bb5 Bc8 38. Ke4 h4 39. gxh4 gxh4 40. b3 h3 41. gxh3 Bxh3 42. Ba4 Bf1 43. Kf5 Ke7 44. f4 exf4 45. Kxf4 Bd3 0-1


[Site "https://www.chess.com"]

[Event "Titled Tuesday Blitz June 20 Late 2023"]
[White "Bruedigam, Martin"]
[Black "Kornyukov, Alexey"]
[WhiteFideId "24608033"]
[BlackFideId "4150457"]
[WhiteElo "2331"]
[BlackElo "2352"]
[Result "1-0"]
[Round "9"]
[TimeControl "180+2"]
[Date "2023.06.20"]
[WhiteClock "0:01:09"]
[BlackClock "0:00:00"]
[Board "105"]

1. Nf3 d5 2. e3 c5 3. b3 Nc6 4. Bb5 Bd7 5. Bb2 Nf6 6. O-O e6 7. c4 Bd6 8. cxd5 exd5 9. d4 cxd4 10. Nxd4 O-O 11. Nxc6 bxc6 12. Be2 Re8 13. Nc3 Qe7 14. Bf3 Rab8 15. Rc1 h5 16. Ne2 h4 17. Qd4 c5 18. Qxh4 Bc6 19. Rfd1 Ne4 20. Qxe7 Rxe7 21. Nc3 Nxc3 22. Bxc3 d4 23. exd4 Bxf3 24. gxf3 Bf4 25. Bd2 Bxd2 26. Rxd2 cxd4 27. Rxd4 Re2 28. Rc7 Rxa2 29. Rdd7 Rf8 30. Rxa7 Rxa7 31. Rxa7 Rb8 32. Ra3 g5 33. Kg2 Kg7 34. Kg3 Rb4 35. f4 Rxf4 36. Ra4 Rf5 37. Rb4 Kg6 38. Rb6+ f6 39. h3 Rf4 40. Rb8 Kf5 41. b4 Rc4 42. b5 Rc3+ 43. f3 Rb3 44. b6 Kg6 45. Kf2 1-0


[Site "https://www.chess.com"]

[Event "Titled Tuesday Blitz June 20 Late 2023"]
[White "KSho99"]
[Black "Skaric, Djuro"]
[BlackFideId "934569"]
[WhiteElo "2205"]
[BlackElo "2282"]
[Result "1-0"]
[Round "9"]
[TimeControl "180+2"]
[Date "2023.06.20"]
[WhiteClock "0:00:05"]
[BlackClock "0:00:00"]
[Board "106"]

1. d4 d6 2. Nc3 Nf6 3. e4 g6 4. h3 Bg7 5. Be3 O-O 6. Qd2 Nc6 7. O-O-O e5 8. Nf3 Nd7 9. d5 Ne7 10. Bh6 f5 11. h4 Nf6 12. Bxg7 Kxg7 13. exf5 Bxf5 14. Ng5 h6 15. Ne6+ Bxe6 16. dxe6 a6 17. Be2 Qe8 18. h5 g5 19. g3 Rd8 20. f4 exf4 21. gxf4 g4 22. Rdg1 Qc6 23. Bxg4 Kh8 24. Bd1 Nf5 25. Rh3 d5 26. Rg6 Qxe6 27. Bg4 d4 28. Rxh6+ Kg7 29. Rg6+ Kf7 30. Ne2 Nxg4 31. Rxe6 Kxe6 32. Ng3 Nfe3 33. f5+ Ke5 34. Rh4 Rg8 35. Qe1 Kf4 36. h6 Kg5 37. Ne4+ Kxf5 38. h7 Rh8 39. Nc5 b6 40. Nd3 Rde8 41. Qg3 Re4 42. Qf3+ Kg5 43. Qxe4 Kxh4 44. Qg6 c5 45. Qg8 Rxh7 46. Qxh7+ Kg3 47. Qc7+ Kf3 48. Ne5+ Nxe5 49. Qxe5 Ke2 50. Qe6 c4 51. Qxb6 d3 52. cxd3 cxd3 53. Qxa6 Nf1 54. Qe6+ Ne3 55. Qxe3+ Kxe3 56. Kd1 Ke4 57. Kd2 Kd4 58. b3 Ke4 59. a4 Kd4 60. a5 1-0


[Site "https://www.chess.com"]

[Event "Titled Tuesday Blitz June 20 Late 2023"]
[White "zano2023"]
[Black "Vaglio Munoz, Jaime"]
[BlackFideId "6500145"]
[WhiteElo "2199"]
[BlackElo "2199"]
[Result "1-0"]
[Round "9"]
[TimeControl "180+2"]
[Date "2023.06.20"]
[WhiteClock "0:01:28"]
[BlackClock "0:00:00"]
[Board "107"]

1. d4 d6 2. Nf3 g6 3. Nbd2 Bg7 4. e4 Nd7 5. Bd3 e5 6. c3 Ne7 7. O-O O-O 8. Re1 c6 9. Nf1 Qc7 10. Ng3 h6 11. Be3 b5 12. h3 a6 13. Qd2 Kh7 14. h4 c5 15. d5 c4 16. Bc2 Nc5 17. h5 Bg4 18. Nh2 Bd7 19. f4 exf4 20. Bxf4 Rae8 21. e5 dxe5 22. d6 Qb6 23. dxe7 Rxe7 24. Be3 Qc7 25. Ne4 Nxe4 26. Bxe4 f5 27. hxg6+ Kxg6 28. Bf3 e4 29. Be2 f4 30. Bd4 f3 31. Bxg7 Qg3 32. Bf1 f2+ 33. Kh1 fxe1=Q 34. Rxe1 Kxg7 35. Qd4+ Qe5 36. Qe3 1-0


[Site "https://www.chess.com"]

[Event "Titled Tuesday Blitz June 20 Late 2023"]
[White "Stanisz, Patryk"]
[Black "Tarnowska, Aleksandra"]
[WhiteFideId "1123106"]
[BlackFideId "1180967"]
[WhiteElo "2069"]
[BlackElo "1776"]
[Result "1/2-1/2"]
[Round "9"]
[TimeControl "180+2"]
[Date "2023.06.20"]
[WhiteClock "0:00:03"]
[BlackClock "0:00:02"]
[Board "108"]

1. Nf3 d5 2. c4 c6 3. e3 Nf6 4. b3 Bg4 5. Bb2 e6 6. Be2 Bd6 7. Ne5 Bxe2 8. Qxe2 Qc7 9. f4 Nbd7 10. d4 Bb4+ 11. Bc3 Qa5 12. Bxb4 Qxb4+ 13. Qd2 Qxd2+ 14. Nxd2 Nxe5 15. fxe5 Ng4 16. Ke2 h5 17. c5 h4 18. b4 a6 19. a4 Ke7 20. e4 Rad8 21. exd5 Rxd5 22. Nf3 h3 23. g3 Nh6 24. b5 Nf5 25. bxc6 bxc6 26. Rab1 Nxd4+ 27. Nxd4 Rxd4 28. Rb7+ Rd7 29. Rhb1 Rd8 30. R1b6 Ra8 31. Rxd7+ Kxd7 32. Rb7+ Ke8 33. Rc7 Rb8 34. Rxc6 Rb2+ 35. Kf3 Rxh2 36. Rxa6 Rc2 37. Ra8+ Kd7 38. Rh8 h2 39. Ke4 Kc6 40. Kd4 Rd2+ 41. Kc4 Rc2+ 42. Kb4 Rb2+ 43. Ka3 Rg2 44. Rc8+ Kb7 45. Rh8 Rxg3+ 46. Kb4 Rg2 47. a5 Rb2+ 48. Kc4 Rc2+ 49. Kb5 Rb2+ 50. Ka4 Kc6 51. Rc8+ Kb7 52. Rh8 Kc6 53. a6 Ra2+ 54. Kb4 Rb2+ 55. Ka5 Kxc5 56. Rc8+ Kd5 57. Rh8 Kc5 58. Rc8+ Kd5 59. Rh8 Kc5 1/2-1/2


[Site "https://www.chess.com"]

[Event "Titled Tuesday Blitz June 20 Late 2023"]
[White "Ward, Ieuan C"]
[Black "Bongo Akanga Ndjila, Barthelemy"]
[WhiteFideId "406627"]
[BlackFideId "10609431"]
[WhiteElo "2270"]
[BlackElo "1768"]
[Result "1-0"]
[Round "9"]
[TimeControl "180+2"]
[Date "2023.06.20"]
[WhiteClock "0:00:08"]
[BlackClock "0:00:10"]
[Board "109"]

1. d4 d5 2. c4 e6 3. Nc3 Nf6 4. Nf3 Be7 5. Bg5 O-O 6. e3 h6 7. Bh4 Nbd7 8. cxd5 exd5 9. Rc1 c6 10. Bd3 Re8 11. O-O b6 12. Qa4 Bb7 13. Rfd1 Ne4 14. Bxe7 Qxe7 15. b4 a5 16. bxa5 Rxa5 17. Qc2 Nxc3 18. Qxc3 Rxa2 19. Bb1 Ra3 20. Qc2 g6 21. Re1 c5 22. h3 Rc8 23. Qb2 c4 24. e4 dxe4 25. Bxe4 c3 26. Qc2 Bxe4 27. Rxe4 Qb4 28. Re3 Nf6 29. Ne5 Nd5 30. Rg3 Qxd4 31. Rxg6+ Kf8 32. Nxf7 Kxf7 33. Qf5+ Nf6 34. Rxf6+ Qxf6 35. Qxc8 Qd4 36. Qf5+ Kg7 37. Re1 Ra7 38. Re6 Rf7 39. Rg6+ Kf8 40. Qc8+ Ke7 41. Re6# 1-0


[Site "https://www.chess.com"]

[Event "Titled Tuesday Blitz June 20 Late 2023"]
[White "Torres Dominguez, David"]
[Black "Srdanovic, Jovana"]
[WhiteFideId "2220857"]
[BlackFideId "954810"]
[WhiteElo "1999"]
[BlackElo "2155"]
[Result "1/2-1/2"]
[Round "9"]
[TimeControl "180+2"]
[Date "2023.06.20"]
[WhiteClock "0:00:25"]
[BlackClock "0:00:21"]
[Board "110"]

1. e4 c5 2. Nc3 Nc6 3. Bb5 g6 4. Bxc6 dxc6 5. d3 Bg7 6. Nge2 Nf6 7. O-O e5 8. f4 exf4 9. Bxf4 O-O 10. Qd2 Bg4 11. Rae1 b5 12. Bh6 c4 13. Bxg7 Kxg7 14. h3 Bxe2 15. Nxe2 Nxe4 16. Qf4 cxd3 17. Qxe4 dxe2 18. Rxe2 Qd5 19. Qxd5 cxd5 20. c3 Rfe8 21. Rd2 Re5 22. Rf4 Re1+ 23. Kf2 Re4 24. Kf3 Rxf4+ 25. Kxf4 Rd8 26. Ke5 Re8+ 27. Kd4 f5 28. Kc5 a6 29. Kb6 Re6+ 30. Kc5 Re8 31. Kb6 Re6+ 32. Kc5 Re8 1/2-1/2


[Site "https://www.chess.com"]

[Event "Titled Tuesday Blitz June 20 Late 2023"]
[White "Pein, Jonathan"]
[Black "Thiel, Thomas"]
[WhiteFideId "417092"]
[BlackFideId "4615964"]
[WhiteElo "2151"]
[BlackElo "2195"]
[Result "1/2-1/2"]
[Round "9"]
[TimeControl "180+2"]
[Date "2023.06.20"]
[WhiteClock "0:01:12"]
[BlackClock "0:01:04"]
[Board "111"]

1. Nf3 Nf6 2. d4 d5 3. Nbd2 g6 4. Nb3 Bg7 5. Bf4 O-O 6. h3 Bf5 7. e3 Nbd7 8. c4 c6 9. Rc1 Rc8 10. Ne5 Nxe5 11. Bxe5 Nd7 12. Bxg7 Kxg7 13. Be2 e5 14. dxe5 dxc4 15. Nd4 Bd3 16. Bxd3 cxd3 17. e6 Ne5 18. f4 Qh4+ 19. Kf1 fxe6 20. Nxe6+ Kg8 21. Nxf8 Rxf8 22. Qb3+ Kg7 23. Qc3 Rxf4+ 24. exf4 Qxf4+ 25. Kg1 Qe3+ 26. Kf1 Qf4+ 27. Ke1 Qe4+ 28. Kf2 Qe2+ 29. Kg3 Qe3+ 30. Kh2 Qf4+ 31. Kg1 Qe3+ 32. Kh2 Qf4+ 33. Kg1 1/2-1/2


[Site "https://www.chess.com"]

[Event "Titled Tuesday Blitz June 20 Late 2023"]
[White "Sokolov, Andrei"]
[Black "Cueto, Jonny"]
[WhiteFideId "11600306"]
[BlackFideId "3300145"]
[WhiteElo "2473"]
[BlackElo "2240"]
[Result "1-0"]
[Round "9"]
[TimeControl "180+2"]
[Date "2023.06.20"]
[WhiteClock "0:00:19"]
[BlackClock "0:00:02"]
[Board "112"]

1. d4 e6 2. c4 Nf6 3. g3 Bb4+ 4. Bd2 Qe7 5. Nf3 O-O 6. Bg2 c5 7. e3 Nc6 8. O-O d6 9. a3 Bxd2 10. Qxd2 Bd7 11. Nc3 a6 12. d5 exd5 13. Nxd5 Nxd5 14. Qxd5 Be6 15. Qd3 b5 16. b3 Rab8 17. Rfd1 bxc4 18. bxc4 Na5 19. Nd2 Rb2 20. Rdb1 Rfb8 21. Rxb2 Rxb2 22. Qc3 Rxd2 23. Qxa5 Qf6 24. Rf1 Bxc4 25. Qxd2 Bxf1 26. Bxf1 g6 27. Bxa6 Qa1+ 28. Kg2 Qxa3 29. Qxd6 Qc3 30. Qd5 Qf6 31. Bc4 h5 32. Qxc5 h4 33. Qd5 Kg7 34. Qd4 hxg3 35. hxg3 Qxd4 36. exd4 Kf6 37. Kf3 1-0


[Site "https://www.chess.com"]

[Event "Titled Tuesday Blitz June 20 Late 2023"]
[White "Campos, Maria Jose"]
[Black "Sanchez, Robert"]
[WhiteFideId "146803"]
[BlackFideId "2034360"]
[WhiteElo "2170"]
[BlackElo "2072"]
[Result "0-1"]
[Round "9"]
[TimeControl "180+2"]
[Date "2023.06.20"]
[WhiteClock "0:00:08"]
[BlackClock "0:00:41"]
[Board "113"]

1. c4 Nf6 2. Nc3 g6 3. g3 d6 4. Bg2 Bg7 5. e4 O-O 6. Nge2 Nbd7 7. d3 e5 8. Rb1 h6 9. O-O c6 10. b4 Qe7 11. Bb2 Nh7 12. b5 f5 13. exf5 gxf5 14. bxc6 bxc6 15. Bxc6 Rb8 16. Ba1 Nb6 17. Bg2 Be6 18. Kh1 f4 19. Ne4 f3 20. c5 fxg2+ 21. Kxg2 dxc5 22. Qd2 c4 23. Bc3 cxd3 24. Qxd3 Bc4 25. Qc2 Rfc8 26. Bb4 Qe6 27. Qd2 Rd8 28. Qe1 Ng5 29. Nxg5 hxg5 30. a3 g4 31. Kg1 Bd5 32. Nc3 Bb7 33. Qe2 Qc6 34. f3 gxf3 35. Qf2 e4 36. Rfe1 Bd4 37. Re3 Bxe3 38. Qxe3 Qg6 39. Nd1 Nd5 40. Qb3 Kh7 41. Nf2 Nxb4 42. Qxb4 e3 43. Qe7+ Kg8 44. Nh3 Qxb1# 0-1


[Site "https://www.chess.com"]

[Event "Titled Tuesday Blitz June 20 Late 2023"]
[White "Martinez, Ayelen"]
[Black "White, John S."]
[WhiteFideId "118702"]
[BlackFideId "2502348"]
[WhiteElo "2074"]
[BlackElo "2033"]
[Result "1-0"]
[Round "9"]
[TimeControl "180+2"]
[Date "2023.06.20"]
[WhiteClock "0:01:28"]
[BlackClock "0:00:23"]
[Board "114"]

1. e4 c5 2. Nf3 e6 3. d4 cxd4 4. Nxd4 Nc6 5. Nc3 d6 6. Be3 Nf6 7. h3 Be7 8. Bc4 a6 9. O-O Qc7 10. Bb3 b5 11. a3 Bb7 12. f4 Rc8 13. f5 Nxd4 14. Qxd4 O-O 15. fxe6 Kh8 16. exf7 Qc6 17. Nd5 Nxd5 18. Bxd5 Qc7 19. Bh6 Bf6 20. Rxf6 Bxd5 21. Bxg7+ Kxg7 22. Rf5+ Kh6 23. Qf6# 1-0


[Site "https://www.chess.com"]

[Event "Titled Tuesday Blitz June 20 Late 2023"]
[White "Sainz Aguirre, Ignacio"]
[Black "De Souza, Cristiano Gomes"]
[WhiteFideId "5101727"]
[BlackFideId "2151758"]
[WhiteElo "1889"]
[BlackElo "2068"]
[Result "0-1"]
[Round "9"]
[TimeControl "180+2"]
[Date "2023.06.20"]
[WhiteClock "0:00:00"]
[BlackClock "0:01:06"]
[Board "115"]

1. e4 c5 2. Nf3 d6 3. Bb5+ Bd7 4. Bxd7+ Qxd7 5. O-O Nc6 6. c3 Nf6 7. Re1 e5 8. d4 Be7 9. d5 Nd8 10. a4 O-O 11. Na3 b6 12. Nc4 Rb8 13. Bg5 a6 14. Ne3 g6 15. Bxf6 Bxf6 16. Ng4 Bg7 17. Qd3 b5 18. Ne3 c4 19. Qc2 Nb7 20. axb5 axb5 21. Ra7 Ra8 22. Rea1 Rxa7 23. Rxa7 Qc7 24. Qb1 Qb6 25. Qa1 Nc5 26. Nd2 Bh6 27. Re7 Nd3 28. Ndf1 Nxb2 29. Qxb2 f5 30. exf5 gxf5 31. Qe2 Kh8 32. Qh5 Qd8 33. Ra7 Qf6 34. Ng3 f4 35. Ng4 Qg6 36. Qxg6 hxg6 37. Nxh6 fxg3 38. hxg3 b4 39. Nf7+ Kg7 40. Nxd6+ Kh6 41. Nxc4 bxc3 42. Ne3 Rc8 43. Nc2 Rc5 44. d6 Rd5 45. d7 Kg5 46. Rc7 Rd2 47. Rxc3 Rxd7 48. Ne3 Kh6 0-1


[Site "https://www.chess.com"]

[Event "Titled Tuesday Blitz June 20 Late 2023"]
[White "disciplinedbrat"]
[Black "Grabs, Peter"]
[BlackFideId "16203887"]
[WhiteElo "2240"]
[BlackElo "1697"]
[Result "1-0"]
[Round "9"]
[TimeControl "180+2"]
[Date "2023.06.20"]
[WhiteClock "0:00:12"]
[BlackClock "0:00:00"]
[Board "116"]

1. d4 e6 2. Nf3 d5 3. Bf4 Nf6 4. Nc3 Bd6 5. Ne5 O-O 6. e3 Nbd7 7. Bd3 Bxe5 8. dxe5 Ne8 9. h4 f6 10. Qh5 g6 11. Bxg6 hxg6 12. Qxg6+ Ng7 13. h5 Qe8 14. Qg3 Kh7 15. exf6 Nf5 16. Qf3 Nxf6 17. g4 e5 18. gxf5 exf4 19. O-O-O Bxf5 20. Qxf4 Qd7 21. e4 Bxe4 22. Nxe4 Nxe4 23. Qxe4+ Qf5 24. Qg2 Qxf2 25. Qg6+ Kh8 26. Qh6+ Kg8 27. Rhg1+ 1-0


[Site "https://www.chess.com"]

[Event "Titled Tuesday Blitz June 20 Late 2023"]
[White "Sarkar, Justin"]
[Black "Burke, Paul"]
[WhiteFideId "2010011"]
[BlackFideId "2605767"]
[WhiteElo "2151"]
[BlackElo "1922"]
[Result "1-0"]
[Round "9"]
[TimeControl "180+2"]
[Date "2023.06.20"]
[WhiteClock "0:00:10"]
[BlackClock "0:00:00"]
[Board "117"]

1. d4 a6 2. g3 d6 3. Bg2 g6 4. e4 h6 5. f4 Nd7 6. e5 e6 7. Nf3 Bg7 8. O-O Ne7 9. Nbd2 O-O 10. Ne4 d5 11. Nf2 c5 12. c3 b6 13. g4 Bb7 14. Be3 Qc7 15. Qd2 Rad8 16. Rac1 Kh7 17. h4 c4 18. Bh3 b5 19. Nh1 f6 20. exf6 Nxf6 21. Ng3 Ne4 22. Nxe4 dxe4 23. Ne5 Bxe5 24. fxe5 Qc6 25. Bg2 Rf3 26. Bxh6 Rg3 27. Qf2 Kxh6 28. Qxg3 Ng8 29. Rf7 1-0


[Site "https://www.chess.com"]

[Event "Titled Tuesday Blitz June 20 Late 2023"]
[White "Dmitriev, Sergey"]
[Black "Gyulamiryan-koryun"]
[WhiteFideId "14101785"]
[WhiteElo "2132"]
[BlackElo "1886"]
[Result "0-1"]
[Round "9"]
[TimeControl "180+2"]
[Date "2023.06.20"]
[WhiteClock "0:00:35"]
[BlackClock "0:01:07"]
[Board "118"]

1. d4 Nf6 2. Nf3 g6 3. Bg5 Bg7 4. Nc3 O-O 5. e4 d6 6. Bc4 c6 7. O-O b5 8. Bb3 b4 9. Bxf6 exf6 10. Ne2 d5 11. exd5 cxd5 12. c4 Be6 13. c5 a5 14. Ba4 Bd7 15. Bxd7 Qxd7 16. b3 Nc6 17. Ng3 Rfe8 18. Qd3 f5 19. Rfe1 Re4 20. Qc2 Nxd4 21. Nxd4 Rxd4 22. Rad1 Re8 23. Rxe8+ Qxe8 24. c6 Rxd1+ 25. Qxd1 Qxc6 26. h4 h5 27. Ne2 Qc5 28. Qd3 d4 29. f3 Qe5 30. f4 Qe4 31. Qd2 d3 32. Ng3 Bd4+ 33. Kh2 Qe3 34. Qd1 d2 35. Nxh5 Qg1+ 36. Qxg1 Bxg1+ 0-1


[Site "https://www.chess.com"]

[Event "Titled Tuesday Blitz June 20 Late 2023"]
[White "Vargas, Mauricio"]
[Black "Alexikov, Alexander"]
[WhiteFideId "4404572"]
[BlackFideId "14103958"]
[WhiteElo "1986"]
[BlackElo "2186"]
[Result "0-1"]
[Round "9"]
[TimeControl "180+2"]
[Date "2023.06.20"]
[WhiteClock "0:00:00"]
[BlackClock "0:01:24"]
[Board "119"]

1. e4 c5 2. Nc3 Nc6 3. f4 g6 4. Nf3 Bg7 5. Bb5 Nd4 6. Bf1 a6 7. d3 d6 8. h3 e5 9. g3 Ne7 10. Bg2 O-O 11. O-O f5 12. Ne2 fxe4 13. dxe4 Bd7 14. c3 Nxf3+ 15. Rxf3 Qc7 16. Rd3 Nc8 17. Qb3+ Kh8 18. Be3 c4 19. Qc2 cxd3 20. Qxd3 Bb5 21. Qd2 Qc4 22. Bf1 Qxe4 23. Re1 Bc6 24. Nc1 Qh1+ 25. Kf2 Qh2+ 0-1


[Site "https://www.chess.com"]

[Event "Titled Tuesday Blitz June 20 Late 2023"]
[White "Ricaurte Lopez, Juan Carlos"]
[Black "Calderin Gonzalez, Roberto"]
[WhiteFideId "3600327"]
[BlackFideId "5102979"]
[WhiteElo "2200"]
[BlackElo "2074"]
[Result "1-0"]
[Round "9"]
[TimeControl "180+2"]
[Date "2023.06.20"]
[WhiteClock "0:01:35"]
[BlackClock "0:01:58"]
[Board "120"]

1. e4 c5 2. d4 cxd4 3. c3 d3 4. Bxd3 Nc6 5. f4 d5 6. e5 d4 7. Nf3 Bg4 8. h3 Bxf3 9. Qxf3 Qd7 10. O-O O-O-O 11. Be4 e6 12. Bxc6 Qxc6 13. Qxc6+ bxc6 14. cxd4 Rxd4 15. Nc3 Bc5 16. Be3 Rc4 17. Bxc5 Rxc5 18. Ne4 Nh6 19. Nxc5 Nf5 20. Rfd1 Ne3 21. Rd7 Nd5 22. Rxf7 g6 23. Rd1 a5 24. Nxe6 Kb8 25. Nd4 c5 26. Nc6+ Kc8 27. Rxd5 1-0


[Site "https://www.chess.com"]

[Event "Titled Tuesday Blitz June 20 Late 2023"]
[White "Hu, Merric"]
[Black "Grave, Jacob Templen"]
[WhiteFideId "30906660"]
[BlackFideId "1542656"]
[WhiteElo "1922"]
[BlackElo "2200"]
[Result "0-1"]
[Round "9"]
[TimeControl "180+2"]
[Date "2023.06.20"]
[WhiteClock "0:01:34"]
[BlackClock "0:02:23"]
[Board "121"]

1. c4 c5 2. Nc3 b6 3. d4 cxd4 4. Qxd4 Nf6 5. e4 d6 6. Nf3 Bb7 7. h3 Nbd7 8. Be3 Nc5 9. Bd3 e5 10. Nxe5 Ne6 11. Nxf7 Kxf7 0-1


[Site "https://www.chess.com"]

[Event "Titled Tuesday Blitz June 20 Late 2023"]
[White "Paravyan, David"]
[Black "Terry, Renato"]
[WhiteFideId "4194985"]
[BlackFideId "3803457"]
[WhiteElo "2563"]
[BlackElo "2575"]
[Result "1-0"]
[Round "10"]
[TimeControl "180+2"]
[Date "2023.06.20"]
[WhiteClock "0:00:47"]
[BlackClock "0:00:00"]
[Board "1"]

1. e4 c6 2. d4 d5 3. e5 c5 4. Nf3 cxd4 5. Nxd4 Nc6 6. Nxc6 bxc6 7. Bd3 e6 8. O-O a5 9. Nd2 Ne7 10. Nf3 Ba6 11. Bxa6 Rxa6 12. c4 a4 13. Qd3 Ra8 14. Bg5 h6 15. Bh4 g5 16. Bg3 Nf5 17. Rac1 Be7 18. cxd5 Qxd5 19. Qc4 O-O 20. Rfd1 Qxc4 21. Rxc4 Rfd8 22. Rxd8+ Rxd8 23. h3 Rd1+ 24. Kh2 h5 25. h4 g4 26. Ng5 Rd2 27. Ne4 Rxb2 28. Rxa4 c5 29. Nd6 Nxg3 30. Kxg3 Bxd6 31. exd6 Rd2 32. Ra5 Rxd6 33. Rxc5 1-0


[Site "https://www.chess.com"]

[Event "Titled Tuesday Blitz June 20 Late 2023"]
[White "Firouzja, Alireza"]
[Black "Martinez Alcantara, Jose Eduardo"]
[WhiteFideId "12573981"]
[BlackFideId "3805662"]
[WhiteElo "2896"]
[BlackElo "2711"]
[Result "1-0"]
[Round "10"]
[TimeControl "180+2"]
[Date "2023.06.20"]
[WhiteClock "0:00:04"]
[BlackClock "0:00:04"]
[Board "2"]

1. d4 Nf6 2. Bg5 Ne4 3. Bf4 d5 4. f3 Nf6 5. Nc3 e6 6. e4 Bb4 7. Bd3 c5 8. a3 Bxc3+ 9. bxc3 c4 10. Be2 Nc6 11. e5 Nd7 12. Be3 Qa5 13. Qd2 Nb6 14. Bd1 Na4 15. Ne2 Bd7 16. O-O O-O-O 17. f4 h5 18. Qe1 Ne7 19. Bd2 Rdg8 20. Kh1 Nf5 21. Ng1 f6 22. Nf3 Kb8 23. Rb1 Ka8 24. Kg1 a6 25. Nh4 Nxh4 26. Qxh4 Qd8 27. exf6 gxf6 28. f5 exf5 29. Bf3 Bc6 30. Qf4 Qd7 31. h4 Rg7 32. Rfe1 Rhg8 33. Re2 Ka7 34. Rbe1 Rg3 35. Re7 Qc8 36. Rc7 Qd8 37. Ree7 Nb6 38. Qxf5 Nc8 39. Rh7 Nd6 40. Qf4 Kb6 41. Rce7 Ne4 42. Be3 f5 43. Kh2 R3g4 44. Bxg4 Rxg4 45. Qe5 Ka5 46. Rxh5 Ka4 47. Rh8 Qb6 48. Rg7 Qb1 49. Rxg4 fxg4 50. Bf4 Nf2 51. Kg3 Qf1 52. Qe3 Ne4+ 53. Kh2 Nf2 54. Rh7 Qh1+ 55. Kg3 Ne4+ 56. Kxg4 Qxg2+ 57. Kf5 Qg8 58. Rc7 Qf8+ 59. Kg4 Qg8+ 60. Kh3 Bd7+ 61. Rxd7 Qe6+ 62. Kh2 Qxd7 63. Qh3 Qf7 64. Qg4 Kxa3 65. h5 Nf6 66. Qg6 Qe6 67. Kg3 Kb2 68. Kh4 Qe1+ 69. Kg5 Ne4+ 70. Kf5 Qh1 71. h6 Qh3+ 72. Ke5 Kxc2 73. h7 a5 74. Qg8 Qh5+ 75. Ke6 Nf6 76. Kxf6 Qh4+ 77. Bg5 Qf2+ 78. Kg6 a4 79. h8=Q a3 80. Qxd5 a2 81. Qe4+ Kb2 82. Qxb7+ Kc2 83. Qe4+ Kd1 84. Qhh1+ 1-0


[Site "https://www.chess.com"]

[Event "Titled Tuesday Blitz June 20 Late 2023"]
[White "Rustemov, Alexander"]
[Black "Kollars, Dmitrij"]
[WhiteFideId "4119002"]
[BlackFideId "12909572"]
[WhiteElo "2891"]
[BlackElo "2584"]
[Result "0-1"]
[Round "10"]
[TimeControl "180+2"]
[Date "2023.06.20"]
[WhiteClock "0:00:28"]
[BlackClock "0:00:28"]
[Board "3"]

1. d4 Nf6 2. Nf3 d5 3. c4 e6 4. cxd5 exd5 5. Nc3 c6 6. Bg5 Be7 7. Qc2 g6 8. e3 Bf5 9. Bd3 Bxd3 10. Qxd3 O-O 11. O-O Nbd7 12. h3 Re8 13. Bf4 a5 14. Rab1 Bf8 15. Rfc1 Ne4 16. Qc2 Ndf6 17. Nd2 Nd6 18. a3 Qe7 19. b4 axb4 20. axb4 b5 21. Bxd6 Qxd6 22. Ne2 Ra6 23. Nf4 Rea8 24. Nd3 Nd7 25. Nf3 f6 26. Qc3 Ra3 27. Rb3 Rxb3 28. Qxb3 Nb6 29. Qc3 Nc4 30. Ra1 Qb8 31. g4 Ra4 32. g5 fxg5 33. Nxg5 Qa7 34. Rb1 Qe7 35. Nf3 Qe4 36. Nd2 Qf5 37. Kg2 Ra3 38. Nb3 Ra2 39. Re1 Qg5+ 40. Kh1 Qf5 41. Kg2 Bd6 42. Nbc1 Qg5+ 43. Kh1 Ra3 44. Qc2 Qf5 45. Kg2 Qe4+ 46. Kg1 Qf3 47. Qe2 Qxh3 48. Qf1 Qh2# 0-1


[Site "https://www.chess.com"]

[Event "Titled Tuesday Blitz June 20 Late 2023"]
[White "Hakobyan, Aram"]
[Black "Nakamura, Hikaru"]
[WhiteFideId "13306677"]
[BlackFideId "2016192"]
[WhiteElo "2584"]
[BlackElo "2874"]
[Result "0-1"]
[Round "10"]
[TimeControl "180+2"]
[Date "2023.06.20"]
[WhiteClock "0:00:00"]
[BlackClock "0:00:47"]
[Board "4"]

1. d4 Nf6 2. c4 b6 3. Nc3 Bb7 4. Qc2 d5 5. cxd5 Nxd5 6. e4 Nxc3 7. bxc3 e6 8. Nf3 Nd7 9. Bd3 c5 10. O-O Qc7 11. Qe2 Be7 12. Re1 O-O 13. Bb2 Rfd8 14. Rad1 Rac8 15. Bb1 Qf4 16. d5 c4 17. d6 Bf8 18. Bc1 Qg4 19. h3 Qh5 20. Bc2 e5 21. g4 Qg6 22. Nh4 Qe6 23. f4 Bxd6 24. f5 Bc5+ 25. Kh2 Qe8 26. g5 b5 27. f6 g6 28. Be3 Bxe3 29. Qxe3 Nc5 30. Rxd8 Qxd8 31. Rd1 Qc7 32. Nf3 a5 33. Qe1 Rd8 34. Rxd8+ Qxd8 35. Nxe5 Qd6 36. Qg3 Qd2+ 37. Kg1 Qc1+ 0-1


[Site "https://www.chess.com"]

[Event "Titled Tuesday Blitz June 20 Late 2023"]
[White "Ibarra Jerez, Jose Carlos"]
[Black "Yoo, Christopher Woojin"]
[WhiteFideId "2226332"]
[BlackFideId "30909694"]
[WhiteElo "2631"]
[BlackElo "2528"]
[Result "1-0"]
[Round "10"]
[TimeControl "180+2"]
[Date "2023.06.20"]
[WhiteClock "0:00:50"]
[BlackClock "0:00:04"]
[Board "6"]

1. e4 e5 2. Nf3 Nc6 3. Nc3 Nf6 4. h3 Bb4 5. Nd5 Bc5 6. c3 Nxd5 7. exd5 e4 8. dxc6 exf3 9. d4 O-O 10. Qxf3 Re8+ 11. Be3 Bd6 12. cxb7 Bxb7 13. Qxb7 Rxe3+ 14. fxe3 Rb8 15. Qe4 Bg3+ 16. Kd1 Rxb2 17. Bd3 g6 18. Rf1 f5 19. Qd5+ Kg7 20. Rb1 Qb8 21. Qxd7+ Kh6 22. Kc1 Rxb1+ 23. Bxb1 Bd6 24. Qa4 Qd8 25. Qc2 Ba3+ 26. Kd1 Qg5 27. Qf2 Bd6 28. Bd3 f4 29. exf4 Qa5 30. Qd2 Kg7 31. f5 1-0


[Site "https://www.chess.com"]